 Dungeon Crawl Stone Soup version 0.32-a0-981-g384da2ce10 (webtiles) character file.

Game seed: 2436904536017176041

248 funkygono the Apothecary (level 5, -7/24 HPs)
             Began as a Spriggan Alchemist on Apr 20, 2024.
             Killed by psychic fangs
             ... invoked by a brain worm
              (16 damage)
             ... in a sewer.
             The game lasted 00:07:31 (3131 turns).

funkygono the Apothecary (Spriggan Alchemist)       Turns: 3131, Time: 00:07:32

Health: -7/24      AC:  3    Str:  4    XL:     5   Next: 86%
Magic:  1/12       EV: 16    Int: 18    God:
Gold:   139        SH:  0    Dex: 16    Spells: 2/12 levels left

rFire   . . .        m - +0 dagger
rCold   . . .        (no shield)
rNeg    . . .        s - +1 robe of the Morning Star {rPois Slay+2}
rPois   +            (helmet restricted)
rElec   .            (no cloak)
rCorr   .            (gloves unavailable)
SInv    +            (boots unavailable)
Will    .....        (no amulet)
Stlth   ++           (no ring)
HPRegen 0.24/turn    (no ring)
MPRegen 0.13/turn

%: no passive effects
@: very slightly contaminated, slow
A: very small, no large weapons, unfitting armour, see invisible, speed 3
a: no special abilities


You were in a sewer.
You visited 1 branch of the dungeon, and saw 3 of its levels.
You also visited: Sewer.

You collected 139 gold pieces.

Inventory:

Hand Weapons
 m - a +0 dagger (weapon)
Armour
 a - a +0 robe
 b - a +0 troll leather armour {Pargi}
 s - the +1 robe of the Morning Star (worn) {rPois Slay+2}
   (You found it on level 3 of the Dungeon)

   Slay+2:    It affects your accuracy & damage with ranged weapons and melee
   (+2).
   rPois:     It protects you from poison.
Scrolls
 c - 3 scrolls of teleportation {unknown}
 e - 2 scrolls of brand weapon {unknown}
 f - 2 scrolls of poison {unknown}
 g - a scroll of torment {unknown}
 h - 2 scrolls of fear {unknown}
 j - a scroll of vulnerability {unknown}
 k - a scroll of enchant armour {unknown}
 l - a scroll of identify {unknown}
 o - 5 scrolls of butterflies {unknown}
 r - a scroll of blinking {unknown}
 t - a scroll of enchant weapon {unknown}
 u - 2 scrolls of fog {unknown}
Potions
 d - 3 potions of mutation {unknown}
 i - a potion of brilliance {unknown}
 n - a potion of berserk rage {unknown}
 p - 4 potions of heal wounds {unknown}
 q - a potion of invisibility {unknown}


   Skills:
 + Level 3.1 Dodging
 + Level 3.8 Stealth
 + Level 4.1 Spellcasting
 + Level 2.0 Conjurations
 + Level 0.8 Air Magic
 + Level 5.2 Alchemy


You had 2 spell levels left.
You knew the following spells:

 Your Spells              Type           Power      Damage    Failure   Level
a - Sting                 Conj/Alch      64%        1d7       3%          1
b - Mercury Vapours       Alch/Air       28%        N/A       6%          2
c - Mephitic Cloud        Conj/Alch/Air  13%        N/A       14%         3
d - Olgreb's Toxic Radia  Alch           22%        N/A       17%         4

Your spell library contained the following spells:

 Spells                   Type           Power      Damage    Failure   Level
 Sticky Flame             Fire/Alch      13%        2d5       45%         4


Dungeon Overview and Level Annotations

Branches:
Dungeon (3/15)              Sewer (1/1)

Altars:


Innate Abilities, Weirdness & Mutations

You are very small and have problems with some larger weapons.
You are too small for most types of armour.
You have supernaturally acute eyesight. (SInv)
You cover ground extremely quickly. (Speed+++)


Message History

Press: ? - help, Shift-Dir - straight line, f/p - brain worm
Aim: a brain worm (lightly wounded, poisoned, 91% to hit)
You miscast Sting.
You are very lightly contaminated with residual magic.
Nothing appears to happen.
Unknown command.
Casting: Sting (safe; 3% risk of failure)
Confirm with . or Enter, or press ? or * to list all spells.
Aiming: Sting (safe; 3% risk of failure)
Press: ? - help, Shift-Dir - straight line, f/p - brain worm
Aim: a brain worm (lightly wounded, poisoned, 91% to hit)
The sting hits the brain worm.
The brain worm looks even sicker.
The brain worm is moderately wounded.
The ball python hisses angrily.
The brain worm's throbbing head pulsates.
Something gnaws on your mind!
You feel your power leaking away.
Casting: Sting (safe; 3% risk of failure)
Confirm with . or Enter, or press ? or * to list all spells.
Aiming: Sting (safe; 3% risk of failure)
Press: ? - help, Shift-Dir - straight line, f/p - brain worm
Aim: a brain worm (moderately wounded, very poisoned, 91% to hit)
The sting hits the brain worm.
The brain worm looks even sicker.
The brain worm is moderately wounded.
Unknown command.
The brain worm's bulging head throbs.
Something gnaws on your mind!
You feel your power leaking away.
Casting: Sting (safe; 3% risk of failure)
Confirm with . or Enter, or press ? or * to list all spells.
Aiming: Sting (safe; 3% risk of failure)
Press: ? - help, Shift-Dir - straight line, f/p - brain worm
Aim: a brain worm (heavily wounded, very poisoned, 91% to hit)
The sting hits the ball python.
The ball python is poisoned.
The ball python is moderately wounded.
You kill the ball python!
The brain worm's bulging head throbs.
Something gnaws heavily on your mind!
Ouch! That really hurt!
You die...

≈≈.≈≈≈≈~~.#~≈≈≈≈≈≈≈≈≈≈#
≈.#~≈≈.### .≈≈≈≈≈≈≈≈≈#
.###∩∩.# #~≈≈≈≈≈≈≈≈##
~# ##### ~≈≈≈≈≈≈≈≈≈# ##
.≈≈≈≈≈≈≈≈# ##w≈≈≈≈≈≈≈#
#.~≈≈≈≈≈≈# #†≈≈≈≈≈##
##@≈≈≈≈≈≈# #####
#.~≈≈≈≈≈≈≈ #...#
##.≈≈≈≈≈≈≈ #.∩.#
#.≈≈≈≈≈≈≈≈ #.~.#
##.≈≈≈≈≈≈≈# ##~##
##.≈≈≈≈≈≈≈## #.#
#.~≈≈≈≈≈≈≈≈# #.#
#.≈≈≈≈≈≈≈≈≈# #~#
##~≈≈≈≈≈≈≈≈≈#


You could see a brain worm (very poisoned).

Vanquished Creatures
  Pargi (Sewer)
  A bombardier beetle (D:3)
  2 gnolls
  5 adders
  A river rat (D:3)
  2 ribbon worms (D:2)
  2 dart slugs
  An endoplasm (D:2)
  6 giant cockroaches
  5 goblins
  3 hobgoblins
  3 quokkas
  3 ball pythons
  3 bats
  12 frilled lizards
  4 rats
54 creatures vanquished.

Notes
Turn   | Place    | Note
-------+----------+-------------------------------------------
     0 | D:1      | funkygono the Spriggan Alchemist began the quest for the
                  | Orb.
     0 | D:1      | Reached XP level 1. HP: 9/9 MP: 5/5
   596 | D:1      | Reached XP level 2. HP: 13/13 MP: 3/6
  1081 | D:1      | Reached skill level 1 in Conjurations
  1081 | D:1      | Reached skill level 4 in Alchemy
  1326 | D:2      | Reached XP level 3. HP: 16/16 MP: 5/8
  1461 | D:2      | Learned a level 2 spell: Mercury Vapours
  1625 | D:2      | Learned a level 3 spell: Mephitic Cloud
  2277 | D:2      | Reached XP level 4. HP: 21/21 MP: 2/9
  2756 | D:3      | Identified the +1 robe of the Morning Star {rPois Slay+2}
  2788 | D:3      | Reached XP level 5. HP: 24/24 MP: 2/11
  2801 | D:3      | Learned a level 4 spell: Olgreb's Toxic Radiance
  2810 | D:3      | Found a glowing drain.
  2814 | Sewer    | Entered a sewer
  3038 | Sewer    | Noticed Pargi
  3057 | Sewer    | Killed Pargi
  3058 | Sewer    | Reached skill level 5 in Alchemy
  3131 | Sewer    | Killed from afar by a brain worm

Illustrated notes

Levels and vault maps discovered:
D:1:      dpeg_arrival_tiny_d, layout_loops_corners, kennysheep_boxes
D:2:      layout_loops_ring
D:3:      layout_loops_cross, gup_sewer_entry_bowl, chequers_big_river
Sewer:    sewer_co_pargi_island

Skill      XL: |  1  2  3  4  5 |
---------------+----------------+-----
Conjurations   | 1 2 |  2.0
Alchemy        | 4 5 |  5.2
Spellcasting   | 3 4 |  4.1
Dodging        | 3 |  3.1
Stealth        | |  3.8
Air Magic      | |  0.8

Action                     |  1- 3 |  4- 6 || total
---------------------------+-------+-------++-------
  Melee: Dagger            |       |    12 ||    12
   Cast: Sting             |    58 |    51 ||   109
         Mercury Vapours   |    14 |     2 ||    16
    Use: Potion            |       |     1 ||     1
 Armour: Robe              |     5 |    19 ||    24
  Dodge: Dodged            |    19 |    40 ||    59

Table legend: (Time is in decaauts)
 A = Elapsed time spent in this place.
 B = Non-inter-level travel time spent in this place.
 C = Inter-level travel time spent in this place.
 D = Time resting spent in this place.
 E = Time spent auto-exploring this place.
 F = Levels seen in this place.
 G = Mean time per level.
                   A        B        C        D        E       F      G
               +--------+--------+--------+--------+--------+-----+--------+
         Total |   2416 |   2387 |     29 |     55 |   1805 |   4 |  604.0 |
       Dungeon |   2104 |   2075 |     29 |     55 |   1562 |   3 |  701.3 |
         Sewer |    312 |    312 |      0 |      0 |    243 |   1 |  312.0 |
               +--------+--------+--------+--------+--------+-----+--------+

Top non-repeatable levels by time:
     D:2: 1033 daAuts
     D:1: 825 daAuts
   Sewer: 312 daAuts
     D:3: 245 daAuts
